 Dungeon Crawl Stone Soup version 0.31.0-11-ge490571c62 (webtiles) character file.

Game seed: 17642348174157773579

518 qw the Shooter (level 7, -2/35 HPs)
             Began as a Spriggan Hunter on Feb 4, 2024.
             Incinerated by a bombardier beetle (6 damage)
             ... with a burning spray
             ... on level 4 of the Dungeon.
             The game lasted 00:00:11 (2620 turns).

qw the Shooter (Spriggan Hunter)                    Turns: 2620, Time: 00:00:12

Health: -2/35      AC:  2    Str:  7    XL:     7   Next: 1%
Magic:  8/8        EV: 22    Int: 10    God:
Gold:   10         SH:  0    Dex: 21    Spells: 6/6 levels left

rFire   . . .        i - +1 orcbow
rCold   . . .        (shield currently unavailable)
rNeg    . . .        c - +0 robe
rPois   .            (helmet restricted)
rElec   .            (no cloak)
rCorr   .            (gloves unavailable)
SInv    +            (boots unavailable)
Will    +....        (no amulet)
Stlth   +            (no ring)
HPRegen 0.25/turn    (no ring)
MPRegen 0.11/turn

%: no passive effects
@: on fire, glowing, very quick
A: very small, no large weapons, unfitting armour, see invisible, speed 3
a: no special abilities


You were on level 4 of the Dungeon.
You visited 1 branch of the dungeon, and saw 4 of its levels.

You collected 136 gold pieces.
You spent 126 gold pieces at shops.


Innate Abilities, Weirdness & Mutations

You are very small and have problems with some larger weapons.
You are too small for most types of armour.
You have supernaturally acute eyesight. (SInv)
You cover ground extremely quickly. (Speed+++)


   Skills:
 - Level 2.0 Fighting
 + Level 6.8 Ranged Weapons
 - Level 6.7 Dodging
 - Level 1.5 Stealth


You had 6 spell levels left.
You didn't know any spells.
Your spell library was empty.

Inventory:

Hand Weapons
 i - a +1 orcbow (weapon)
Armour
 c - a +0 robe (worn)
Wands
 g - a wand of mindburst (6)
Scrolls
 a - a scroll of enchant armour
Potions
 d - a potion of might
 e - a potion of haste {unknown}
 f - a potion of curing

Dungeon Overview and Level Annotations

Branches:
Dungeon (4/15)
 Temple: D:4-7

Altars:
Cheibriados
Vehumet
Wu Jian

Shops:
D:3 ?


Message History

Your Dodging skill increases to level 6!
2613 ||| ZAPPING wand of mindburst (8) at 1,1 (Dowan; floor).
Aiming: Mindburst
Press: ? - help, Q - select action, (/) - cycle Shift-Dir - straight line, f - Dowan Dowan's mind is blasted!!
Your surroundings seem slightly different.
Found a ring mail and a scroll labelled OLOEDA RINOLA.
You feel sick.
A bombardier beetle comes into view.
2614 ||| ZAPPING wand of mindburst (7) at -2,2 (Dowan; floor).
Aiming: Mindburst
Press: ? - help, Q - select action, (/) - cycle Shift-Dir - straight line, f/p - Dowan Dowan's mind is blasted!
You blow up Dowan!
You feel sick.
You shoot an arrow. The arrow hits the adder.
The adder is severely wounded.
You feel sick. The adder completely misses you.
You shoot an arrow. The arrow hits the adder!
You kill the adder!
You feel sick.
You shoot an arrow. The arrow hits the bombardier beetle.
The bombardier beetle is moderately wounded.
You feel sick.
You shoot an arrow.
The arrow hits the bombardier beetle but does no damage.
The bombardier beetle is moderately wounded.
You feel sick.
The bombardier beetle sprays incendiary fluid at you.
The burning spray hits you.
You are covered in liquid fire!
You shoot an arrow. The arrow hits the bombardier beetle!
You kill the bombardier beetle!
The liquid fire burns you!
You feel sick.
You are no longer poisoned.
You have reached level 7!
You are on fire!
The liquid fire burns you!
You die...

... .... ?. .... # #..#
#.%##..# . #..
##..###..##.b####..
.....#..................
.....#..................
.....#..................
.....##...##...%@.....[.
#....##>..##............
#....##.....).$.........
...)..............##....
..........##......# ...
.....##+########### ..
#....# . #........
#######..


There were no monsters in sight!

Vanquished Creatures
  Sigmund (D:2)
  Duvessa (D:4)
  Dowan (D:4)
  A bombardier beetle (D:4)
  Terence (D:3)
  4 gnolls (D:3)
  4 adders
  2 ribbon worms
  4 dart slugs
  An orc (D:3)
  3 ball pythons
  6 endoplasms
  A giant cockroach (D:1)
  5 hobgoblins
  8 jackals
  4 quokkas
  7 bats
  5 frilled lizards
  4 goblins
  5 kobolds
  6 rats
74 creatures vanquished.

Notes
Turn   | Place    | Note
-------+----------+-------------------------------------------
     0 | D:1      | qw the Spriggan Hunter began the quest for the Orb.
     0 | D:1      | Reached XP level 1. HP: 10/10 MP: 2/2
     0 | D:1      | 0 ||| qw: Version: 0.3-a-160-g6735b56
     0 | D:1      | 0 ||| qw: Game counter: 4560
     0 | D:1      | 0 ||| qw: Melee chars always use a shield: true
     0 | D:1      | 0 ||| qw: God list: Okawaru
     0 | D:1      | 0 ||| qw: Allow faded altars: false
     0 | D:1      | 0 ||| qw: Do Orc after clearing Dungeon:15 true
     0 | D:1      | 0 ||| qw: Do second Lair branch before Depths: true
     0 | D:1      | 0 ||| qw: Lair rune preference: random
     0 | D:1      | 0 ||| qw: Goals: Normal
     0 | D:1      | 0 ||| PLANNING D:1-11
    72 | D:1      | Reached skill level 3 in Dodging
   202 | D:1      | Reached XP level 2. HP: 9/14 MP: 3/3
   637 | D:1      | 637 ||| READING scroll labelled FOCOECEOZXA.
   637 | D:1      | 637 ||| BRANDING +0 shortbow.
   638 | D:1      | 638 ||| READING scroll labelled YSATWY NIENU.
   639 | D:1      | 639 ||| READING scroll labelled YGYB JIRULOI.
   740 | D:1      | 740 ||| READING 2 scrolls labelled BEEFYZ YCKIPA.
   740 | D:1      | 740 ||| IDENTIFYING black potion
   741 | D:1      | 741 ||| READING scroll of identify.
   741 | D:1      | 741 ||| IDENTIFYING 2 purple potions
   742 | D:1      | 742 ||| DROPPING scroll of butterflies.
   743 | D:1      | 743 ||| DROPPING 2 potions of ambrosia.
   909 | D:2      | Reached XP level 3. HP: 18/18 MP: 4/4
   943 | D:2      | Noticed Sigmund
   948 | D:2      | Killed Sigmund
   949 | D:2      | Reached skill level 6 in Ranged Weapons
   949 | D:2      | Reached XP level 4. HP: 22/22 MP: 5/5
   949 | D:2      | Reached XP level 5. HP: 25/25 MP: 6/6
  1104 | D:2      | Found a faded altar of an unknown god.
  1265 | D:2      | Found an ornate altar of the Wu Jian Council.
  1603 | D:2      | 1603 ||| READING 2 scrolls labelled TEREXEESE.
  1603 | D:2      | 1603 ||| ENCHANTING +0 shortbow of freezing.
  1604 | D:2      | 1604 ||| READING scroll of enchant weapon.
  1604 | D:2      | 1604 ||| ENCHANTING +1 shortbow of freezing.
  1605 | D:2      | 1605 ||| DRINKING 2 clear potions.
  1976 | D:3      | 1976 ||| SWAPPING to +0 orcbow.
  1978 | D:3      | 1978 ||| DROPPING +2 shortbow of freezing.
  2044 | D:3      | Noticed Terence
  2050 | D:3      | Killed Terence
  2159 | D:3      | Reached XP level 6. HP: 25/30 MP: 7/7
  2178 | D:3      | 2178 ||| FLEEEEING.
  2180 | D:3      | 2180 ||| FLEEEEING.
  2182 | D:3      | 2182 ||| FLEEEEING.
  2183 | D:3      | 2183 ||| FLEEEEING.
  2225 | D:3      | Found Meufuloa's Magic Scroll Shoppe.
  2234 | D:3      | 2234 ||| BUYING scroll of enchant weapon (82 gold).
  2234 | D:3      | Bought a scroll of enchant weapon for 82 gold pieces
  2234 | D:3      | 2234 ||| BUYING scroll of identify (22 gold).
  2234 | D:3      | Bought a scroll of identify for 22 gold pieces
  2234 | D:3      | 2234 ||| BUYING scroll of identify (22 gold).
  2234 | D:3      | Bought a scroll of identify for 22 gold pieces
  2234 | D:3      | 2234 ||| SHOPLISTING scroll of identify (22 gold, have 10).
  2234 | D:3      | 2234 ||| READING scroll of enchant weapon.
  2234 | D:3      | 2234 ||| ENCHANTING +0 orcbow.
  2255 | D:3      | Found a radiant altar of Vehumet.
  2256 | D:3      | Found a snail-covered altar of Cheibriados.
  2435 | D:3      | 2435 ||| READING 3 scrolls of identify.
  2435 | D:3      | 2435 ||| IDENTIFYING brown potion
  2436 | D:3      | 2436 ||| READING 2 scrolls of identify.
  2436 | D:3      | 2436 ||| IDENTIFYING fizzy red potion
  2437 | D:3      | 2437 ||| READING scroll of identify.
  2437 | D:3      | 2437 ||| IDENTIFYING scroll labelled JIAD XAGUARHULE
  2438 | D:3      | 2438 ||| READING scroll labelled VUTATHR HIHU.
  2443 | D:3      | 2443 ||| READING scroll labelled DUOVVO EXYFIO.
  2444 | D:3      | 2444 ||| DROPPING potion of degeneration.
  2599 | D:4      | Noticed Duvessa
  2600 | D:4      | 2600 ||| ZAPPING wand of mindburst (19) at 4,-5 (Duvessa;
                  | floor).
  2600 | D:4      | Noticed Dowan
  2601 | D:4      | 2601 ||| ZAPPING wand of mindburst (18) at 4,-4 (Duvessa;
                  | floor).
  2602 | D:4      | 2602 ||| ZAPPING wand of mindburst (17) at 3,-3 (Duvessa;
                  | floor).
  2603 | D:4      | 2603 ||| ZAPPING wand of mindburst (16) at 2,-2 (Duvessa;
                  | floor).
  2604 | D:4      | 2604 ||| ZAPPING wand of mindburst (15) at 1,-1 (Duvessa;
                  | floor).
  2605 | D:4      | 2605 ||| ZAPPING wand of mindburst (14) at 1,0 (Duvessa;
                  | floor).
  2606 | D:4      | 2606 ||| ZAPPING wand of mindburst (13) at 1,0 (Duvessa;
                  | floor).
  2607 | D:4      | 2607 ||| ZAPPING wand of mindburst (12) at 1,0 (Duvessa;
                  | floor).
  2608 | D:4      | 2608 ||| ZAPPING wand of mindburst (11) at 1,0 (Duvessa;
                  | floor).
  2609 | D:4      | 2609 ||| ZAPPING wand of mindburst (10) at 1,0 (Duvessa;
                  | floor).
  2609 | D:4      | HP: 3/30 [Duvessa/+1 short sword of speed (9)]
  2610 | D:4      | 2610 ||| READING scroll of teleportation.
  2611 | D:4      | 2611 ||| DRINKING potion of heal wounds.
  2612 | D:4      | 2612 ||| ZAPPING wand of mindburst (9) at 1,0 (Duvessa;
                  | floor).
  2612 | D:4      | Killed Duvessa
  2613 | D:4      | Reached skill level 6 in Dodging
  2613 | D:4      | 2613 ||| ZAPPING wand of mindburst (8) at 1,1 (Dowan;
                  | floor).
  2614 | D:4      | 2614 ||| ZAPPING wand of mindburst (7) at -2,2 (Dowan;
                  | floor).
  2614 | D:4      | Killed Dowan
  2619 | D:4      | HP: 4/30 [burnt (6)]
  2620 | D:4      | Reached XP level 7. HP: 4/35 MP: 8/8
  2620 | D:4      | Incinerated by a bombardier beetle

Levels and vault maps discovered:
D:1:      dpeg_arrival_ternary, layout_basic, minmay_pentomino_p4
D:2:      layout_loops_corners, ebering_ecumenical_altar_webs, basic_altar,
          uniq_sigmund
D:3:      layout_loops_corners, nicolae_overflow_hidden_temple, serial_shops,
          nicolae_shop_advertising_works [nicolae_subvault_shop_adworks],
          chequers_serial_rivers_room_b, uniq_terence
D:4:      layout_gridville, xom_butterflies, minmay_temple_entry_nine_rooms,
          minmay_vboxes, uniq_duvessa

Skill      XL: |  1  2  3  4  5  6 |
---------------+-------------------+-----
Dodging        | 3 4 5 6 |  6.7
Ranged Weapons | 6 |  6.8
Fighting       | 2 |  2.0
Stealth        | |  1.5

Action                     |  1- 3 |  4- 6 |  7- 9 || total
---------------------------+-------+-------+-------++-------
   Fire: Shortbow          |    78 |    82 |       ||   160
         Orcbow            |       |    60 |       ||    60
  Evoke: Wand              |       |    13 |       ||    13
    Use: Scroll            |     5 |     9 |       ||    14
         Potion            |       |     2 |       ||     2
 Armour: Robe              |     9 |    22 |       ||    31
  Dodge: Dodged            |    24 |    51 |       ||    75

Table legend:
 A = Non-vault XP
 B = Vault XP
 C = Vault XP percentage of total XP
 D = Non-vault monster count
 E = Vault monster count
 F = Vault count percentage of total count
                 A         B        C        D         E       F
            +---------+---------+-------+---------+---------+-------
      Total |     269 |     471 |  63.6 |      69 |       5 |   6.8
            +---------+---------+-------+---------+---------+-------
        D:1 |      23 |       1 |   4.2 |      14 |       1 |   6.7
        D:2 |      64 |     223 |  77.7 |      24 |       1 |   4.0
        D:3 |      99 |      36 |  26.7 |      26 |       1 |   3.7
        D:4 |      83 |     211 |  71.8 |       5 |       2 |  28.6
            +---------+---------+-------+---------+---------+-------
